[ AOE2 MATCH · #481948186 ]
UnrankedKoreans vs Bohemians
[ REPLAY ANALYSIS · EXTRACTED FROM THE RECORDED GAME ]
Feudal
13:08
Castle
24:46
Imperial
48:20
| APM avg | 19.8 |
| APM peak | 54 |
| eAPM avg | 11.2 |
| Villagers / military | 66 / 230 |
Focus
⚔️ 49.0% · 🌾 51.0%
Skirmisher ×113 · Fire Lancer ×77 · Cavalry Archer ×31 · Spearman ×5 · Trebuchet (Packed) ×4 · Trade Cart ×1
Feudal
10:55
Castle
55:53
Imperial
—
| APM avg | 15.3 |
| APM peak | 54 |
| eAPM avg | 9.3 |
| Villagers / military | 72 / 75 |
Focus
⚔️ 44.6% · 🌾 55.4%
Archer ×24 · Militia ×13 · Spearman ×13 · Skirmisher ×13 · Knight ×12
Feudal
10:17
Castle
22:12
Imperial
53:45
| APM avg | 36.3 |
| APM peak | 76 |
| eAPM avg | 13.5 |
| Villagers / military | 94 / 85 |
Focus
⚔️ 27.8% · 🌾 72.2%
Conquistador ×57 · Militia ×7 · Scout Cavalry ×7 · Skirmisher ×4 · Battering Ram ×4 · Trebuchet (Packed) ×3
Feudal
12:56
Castle
17:03
Imperial
35:27
| APM avg | 20.9 |
| APM peak | 55 |
| eAPM avg | 11.3 |
| Villagers / military | 174 / 258 |
Focus
⚔️ 32.8% · 🌾 67.2%
Mangudai ×144 · Scout Cavalry ×93 · Steppe Lancer ×17 · Battering Ram ×2 · Trebuchet (Packed) ×2
Match map
Initial resources + every placement click. Lines = walls · curves = elevation contours. ◆ gold · ⬟ stone · ● berries · ✦ relic · ◌ wall gap
Your base· ✓ Closed at 24:46 · 73t walls · 1 gate(s)
Lt_Reingebuttert's base· Open — 2t gap
necesito subir mi conducta's base· Open — unwalled flank
Monsieur Garlíc's base· Open — unwalled flank
Smoothed initial terrain · ◌ = detected wall gap · hover for details
Inputs per minute
— avilareall - - Lt_Reingebuttert
Build order — avilareall
First 150 of 389 actions detected
| 0:03 | Build | House |
| 0:04 | Build | House |
| 0:09 | Create | Villager (Male) |
| 0:09 | Create | Villager (Male) |
| 0:09 | Create | Villager (Male) |
| 0:09 | Create | Villager (Male) |
| 1:36 | Create | Villager (Male) |
| 2:00 | Create | Villager (Male) |
| 2:01 | Create | Villager (Male) |
| 2:32 | Create | Villager (Male) |
| 3:22 | Create | Villager (Male) |
| 3:44 | Create | Villager (Male) |
| 3:55 | Build | Mill |
| 4:12 | Build | House |
| 4:55 | Create | Villager (Male) |
| 4:55 | Create | Villager (Male) |
| 5:44 | Create | Villager (Male) |
| 5:44 | Create | Villager (Male) |
| 5:45 | Create | Villager (Male) |
| 6:05 | Create | Villager (Male) |
| 6:41 | Create | Villager (Male) |
| 7:25 | Create | Villager (Male) |
| 7:34 | Build | Lumber Camp |
| 7:59 | Create | Villager (Male) |
| 8:08 | Build | House |
| 8:18 | Create | Villager (Male) |
| 8:45 | Create | Villager (Male) |
| 9:10 | Create | Villager (Male) |
| 9:34 | Build | Barracks |
| 9:46 | Research | Loom |
| 9:59 | Build | Mining Camp |
| 10:10 | Build | Palisade Wall |
| 10:58 | Research | Feudal Age |
| 11:25 | Build | Mining Camp |
| 11:33 | Build | Palisade Wall |
| 11:37 | Build | Palisade Wall |
| 11:42 | Create | Villager (Male) |
| 12:08 | Build | House |
| 12:10 | Build | House |
| 12:17 | Build | Palisade Wall |
| 13:08 | Age | Feudal Age |
| 13:18 | Build | Archery Range |
| 13:33 | Build | Mill |
| 13:36 | Create | Villager (Male) |
| 13:39 | Create | Spearman |
| 13:48 | Create | Villager (Male) |
| 14:24 | Create | Spearman |
| 14:32 | Create | Villager (Male) |
| 15:02 | Build | Palisade Wall |
| 15:10 | Build | Blacksmith |
| 15:15 | Create | Villager (Male) |
| 15:18 | Create | Skirmisher |
| 15:42 | Create | Villager (Male) |
| 16:14 | Build | Farm |
| 16:19 | Create | Villager (Male) |
| 16:51 | Build | Watch Tower |
| 16:54 | Build | Farm |
| 16:55 | Create | Villager (Male) |
| 17:11 | Create | Spearman |
| 17:14 | Create | Skirmisher |
| 17:22 | Build | House |
| 17:30 | Build | Farm |
| 17:32 | Create | Villager (Male) |
| 17:55 | Build | Stone Wall |
| 18:03 | Build | Gate |
| 18:14 | Build | Stone Wall |
| 18:17 | Build | Farm |
| 18:21 | Build | House |
| 19:03 | Build | Stone Wall |
| 19:07 | Build | Stone Wall |
| 19:12 | Build | Stone Wall |
| 19:19 | Build | Lumber Camp |
| 19:20 | Create | Villager (Male) |
| 19:23 | Build | Farm |
| 19:24 | Create | Villager (Male) |
| 19:48 | Build | Stone Wall |
| 20:02 | Build | Farm |
| 20:03 | Build | Farm |
| 20:05 | Build | Farm |
| 20:07 | Build | Farm |
| 20:08 | Create | Villager (Male) |
| 20:11 | Create | Spearman |
| 20:15 | Create | Skirmisher |
| 20:18 | Build | Farm |
| 20:42 | Build | Farm |
| 21:41 | Create | Villager (Male) |
| 21:43 | Research | Castle Age |
| 22:22 | Build | House |
| 22:36 | Create | Skirmisher |
| 22:47 | Research | Scale Mail Armor |
| 22:51 | Research | Forging |
| 22:56 | Create | Skirmisher |
| 23:02 | Create | Villager (Male) |
| 23:24 | Build | House |
| 23:29 | Build | House |
| 23:32 | Create | Villager (Male) |
| 23:35 | Create | Skirmisher |
| 23:40 | Create | Spearman |
| 23:53 | Create | Villager (Male) |
| 24:31 | Build | Watch Tower |
| 24:36 | Create | Villager (Male) |
| 24:39 | Build | House |
| 24:41 | Build | House |
| 24:42 | Build | House |
| 24:46 | Age | Castle Age |
| 24:47 | Create | Skirmisher |
| 25:23 | Build | Castle |
| 25:35 | Build | Stone Wall |
| 25:46 | Research | Iron Casting |
| 25:50 | Create | Fire Lancer |
| 26:21 | Create | Fire Lancer |
| 26:21 | Create | Fire Lancer |
| 26:24 | Build | Farm |
| 26:27 | Build | Farm |
| 26:29 | Build | Farm |
| 26:35 | Build | Farm |
| 26:57 | Create | Fire Lancer |
| 27:03 | Build | Archery Range |
| 27:04 | Build | Archery Range |
| 27:14 | Build | Barracks |
| 27:27 | Build | House |
| 27:30 | Build | House |
| 27:34 | Create | Villager (Male) |
| 27:39 | Research | Double-Bit Axe |
| 27:53 | Create | Cavalry Archer |
| 28:05 | Build | Farm |
| 28:22 | Research | Horse Collar |
| 28:32 | Build | Stone Wall |
| 28:37 | Research | Scale Mail Armor |
| 28:44 | Create | Fire Lancer |
| 28:44 | Create | Fire Lancer |
| 28:50 | Build | Farm |
| 28:53 | Create | Villager (Male) |
| 28:54 | Create | Villager (Male) |
| 29:09 | Create | Villager (Male) |
| 29:18 | Create | Fire Lancer |
| 29:26 | Create | Cavalry Archer |
| 29:27 | Create | Cavalry Archer |
| 29:27 | Create | Cavalry Archer |
| 29:49 | Build | House |
| 29:51 | Build | House |
| 29:57 | Create | Villager (Male) |
| 29:58 | Create | Villager (Male) |
| 30:15 | Build | Stone Wall |
| 30:17 | Create | Villager (Male) |
| 30:24 | Research | Gambesons |
| 30:30 | Create | Cavalry Archer |
| 30:30 | Create | Cavalry Archer |
| 30:30 | Create | Cavalry Archer |
| 30:31 | Create | Cavalry Archer |
Build order — Lt_Reingebuttert
First 150 of 256 actions detected
| 0:03 | Build | House |
| 0:05 | Build | House |
| 0:06 | Create | Villager (Male) |
| 0:06 | Create | Villager (Male) |
| 0:06 | Create | Villager (Male) |
| 0:07 | Create | Villager (Male) |
| 0:07 | Create | Villager (Male) |
| 1:53 | Create | Villager (Male) |
| 1:53 | Create | Villager (Male) |
| 2:10 | Create | Villager (Male) |
| 2:29 | Create | Villager (Male) |
| 2:29 | Create | Villager (Male) |
| 2:49 | Build | House |
| 3:03 | Create | Villager (Male) |
| 3:18 | Build | House |
| 3:49 | Create | Villager (Male) |
| 3:50 | Create | Villager (Male) |
| 4:17 | Create | Villager (Male) |
| 5:12 | Create | Villager (Male) |
| 5:12 | Create | Villager (Male) |
| 5:12 | Create | Villager (Male) |
| 5:42 | Create | Villager (Male) |
| 6:20 | Build | Barracks |
| 6:25 | Create | Villager (Male) |
| 6:26 | Create | Villager (Male) |
| 6:36 | Build | House |
| 7:40 | Build | Lumber Camp |
| 8:45 | Research | Feudal Age |
| 8:47 | Create | Villager (Male) |
| 8:47 | Create | Villager (Male) |
| 8:47 | Create | Villager (Male) |
| 9:27 | Build | Mill |
| 10:16 | Create | Villager (Male) |
| 10:17 | Create | Villager (Male) |
| 10:19 | Create | Villager (Male) |
| 10:55 | Age | Feudal Age |
| 11:27 | Build | Archery Range |
| 11:31 | Create | Villager (Male) |
| 11:57 | Build | House |
| 11:58 | Build | House |
| 12:13 | Build | Mining Camp |
| 12:29 | Create | Militia |
| 12:29 | Create | Spearman |
| 12:29 | Create | Militia |
| 12:30 | Create | Spearman |
| 12:30 | Create | Militia |
| 12:30 | Create | Militia |
| 12:31 | Create | Militia |
| 12:38 | Create | Skirmisher |
| 12:38 | Create | Skirmisher |
| 13:31 | Create | Spearman |
| 13:31 | Create | Militia |
| 13:34 | Create | Skirmisher |
| 13:34 | Create | Skirmisher |
| 15:46 | Create | Spearman |
| 15:50 | Create | Archer |
| 15:50 | Create | Archer |
| 16:36 | Build | Stone Wall |
| 17:47 | Build | Stone Wall |
| 19:06 | Build | Farm |
| 19:18 | Build | Farm |
| 19:20 | Build | Farm |
| 19:22 | Build | Farm |
| 19:23 | Build | Farm |
| 19:25 | Build | Farm |
| 19:27 | Build | Farm |
| 19:33 | Create | Villager (Male) |
| 19:33 | Create | Villager (Male) |
| 19:33 | Create | Villager (Male) |
| 19:52 | Build | Farm |
| 20:42 | Build | Farm |
| 20:53 | Create | Skirmisher |
| 20:53 | Create | Archer |
| 20:54 | Create | Skirmisher |
| 20:54 | Create | Archer |
| 20:57 | Create | Militia |
| 20:57 | Create | Spearman |
| 20:58 | Create | Spearman |
| 21:09 | Create | Villager (Male) |
| 21:56 | Build | House |
| 21:57 | Build | House |
| 22:20 | Research | Horse Collar |
| 22:35 | Create | Villager (Male) |
| 22:35 | Create | Villager (Male) |
| 22:35 | Create | Villager (Male) |
| 22:46 | Build | House |
| 22:47 | Build | House |
| 22:48 | Build | House |
| 22:50 | Build | House |
| 23:20 | Build | Mining Camp |
| 23:29 | Create | Archer |
| 23:29 | Create | Skirmisher |
| 23:29 | Create | Archer |
| 23:30 | Create | Skirmisher |
| 23:30 | Create | Archer |
| 23:34 | Create | Spearman |
| 23:49 | Build | Blacksmith |
| 24:06 | Build | Farm |
| 24:45 | Research | Scale Mail Armor |
| 25:05 | Research | Double-Bit Axe |
| 25:42 | Build | Stone Wall |
| 26:30 | Research | Man-at-Arms (upgrade) |
| 26:30 | Create | Militia |
| 26:30 | Create | Spearman |
| 26:31 | Create | Militia |
| 26:31 | Create | Spearman |
| 26:31 | Create | Militia |
| 26:32 | Create | Spearman |
| 26:32 | Create | Militia |
| 26:32 | Create | Spearman |
| 26:35 | Create | Archer |
| 26:36 | Create | Skirmisher |
| 28:44 | Create | Villager (Male) |
| 28:44 | Create | Villager (Male) |
| 28:44 | Create | Villager (Male) |
| 28:45 | Create | Villager (Male) |
| 29:04 | Create | Villager (Male) |
| 29:05 | Create | Villager (Male) |
| 32:04 | Create | Skirmisher |
| 32:05 | Create | Skirmisher |
| 32:05 | Create | Skirmisher |
| 32:08 | Create | Spearman |
| 32:08 | Create | Spearman |
| 32:09 | Create | Militia |
| 32:09 | Create | Militia |
| 32:12 | Create | Skirmisher |
| 32:12 | Create | Archer |
| 32:25 | Build | Stone Wall |
| 32:40 | Create | Villager (Male) |
| 32:40 | Create | Villager (Male) |
| 32:40 | Create | Villager (Male) |
| 32:40 | Create | Villager (Male) |
| 33:32 | Build | Watch Tower |
| 33:33 | Build | Watch Tower |
| 37:38 | Build | Town Center |
| 38:15 | Build | Mining Camp |
| 39:39 | Build | Farm |
| 39:41 | Build | Farm |
| 39:42 | Build | Farm |
| 39:44 | Create | Villager (Male) |
| 39:45 | Create | Villager (Male) |
| 39:45 | Create | Villager (Male) |
| 39:45 | Create | Villager (Male) |
| 39:45 | Create | Villager (Male) |
| 39:46 | Create | Villager (Male) |
| 39:46 | Create | Villager (Male) |
| 39:46 | Create | Villager (Male) |
| 39:47 | Create | Villager (Male) |
| 39:47 | Create | Villager (Male) |
| 39:47 | Create | Villager (Male) |
Build order — necesito subir mi conducta
First 150 of 311 actions detected
| 0:01 | Create | Villager (Male) |
| 0:02 | Create | Villager (Male) |
| 0:03 | Build | House |
| 0:12 | Create | Villager (Male) |
| 0:13 | Create | Villager (Male) |
| 0:13 | Create | Villager (Male) |
| 0:29 | Build | House |
| 0:57 | Build | House |
| 1:30 | Create | Villager (Male) |
| 1:36 | Build | Mill |
| 1:56 | Research | Loom |
| 2:08 | Create | Villager (Male) |
| 2:08 | Create | Villager (Male) |
| 2:38 | Create | Villager (Male) |
| 2:51 | Create | Villager (Male) |
| 3:18 | Create | Villager (Male) |
| 3:37 | Create | Villager (Male) |
| 3:58 | Create | Villager (Male) |
| 4:01 | Create | Villager (Male) |
| 4:02 | Create | Villager (Male) |
| 4:52 | Create | Villager (Male) |
| 6:01 | Create | Villager (Male) |
| 6:13 | Create | Villager (Male) |
| 6:36 | Create | Villager (Male) |
| 6:56 | Build | Barracks |
| 7:03 | Create | Villager (Male) |
| 7:47 | Build | House |
| 7:48 | Create | Militia |
| 8:07 | Research | Feudal Age |
| 8:07 | Research | Feudal Age |
| 8:24 | Build | Mining Camp |
| 8:39 | Create | Militia |
| 8:39 | Create | Militia |
| 9:02 | Create | Villager (Male) |
| 9:35 | Create | Militia |
| 9:36 | Create | Militia |
| 9:47 | Build | Lumber Camp |
| 10:14 | Create | Villager (Male) |
| 10:17 | Research | Loom |
| 10:17 | Age | Feudal Age |
| 10:49 | Research | Man-at-Arms (upgrade) |
| 10:49 | Research | Man-at-Arms (upgrade) |
| 11:02 | Build | Mill |
| 11:17 | Create | Militia |
| 11:18 | Create | Militia |
| 11:27 | Create | Villager (Male) |
| 11:27 | Create | Villager (Male) |
| 11:28 | Create | Villager (Male) |
| 11:30 | Research | Loom |
| 11:34 | Build | House |
| 12:46 | Create | Villager (Male) |
| 13:24 | Create | Villager (Male) |
| 13:25 | Create | Villager (Male) |
| 13:28 | Build | Farm |
| 13:58 | Build | House |
| 14:00 | Build | Farm |
| 14:23 | Create | Villager (Male) |
| 14:25 | Build | Farm |
| 14:27 | Build | Farm |
| 14:29 | Build | Farm |
| 14:30 | Build | Farm |
| 15:07 | Research | Double-Bit Axe |
| 15:08 | Create | Villager (Male) |
| 15:08 | Create | Villager (Male) |
| 15:10 | Create | Villager (Male) |
| 15:15 | Build | Farm |
| 15:45 | Create | Villager (Male) |
| 15:52 | Build | Farm |
| 15:53 | Build | Farm |
| 16:17 | Build | Farm |
| 17:07 | Build | Blacksmith |
| 17:30 | Build | Farm |
| 17:32 | Build | Farm |
| 17:48 | Build | Market |
| 18:01 | Build | Palisade Wall |
| 18:13 | Research | Wheelbarrow |
| 18:34 | Build | Mining Camp |
| 18:58 | Build | House |
| 18:59 | Build | House |
| 19:01 | Build | House |
| 19:32 | Research | Castle Age |
| 19:32 | Research | Castle Age |
| 19:32 | Research | Castle Age |
| 19:54 | Research | Horse Collar |
| 20:31 | Research | Stone Mining |
| 20:31 | Research | Stone Mining |
| 20:43 | Build | House |
| 20:51 | Build | Palisade Wall |
| 21:17 | Build | Palisade Wall |
| 21:41 | Create | Spearman |
| 21:42 | Create | Spearman |
| 21:50 | Build | House |
| 22:03 | Build | Palisade Wall |
| 22:12 | Age | Castle Age |
| 22:46 | Create | Villager (Male) |
| 22:47 | Create | Villager (Male) |
| 22:47 | Create | Villager (Male) |
| 23:12 | Build | Castle |
| 23:21 | Create | Villager (Male) |
| 23:27 | Build | House |
| 23:28 | Build | House |
| 23:30 | Build | House |
| 23:32 | Build | House |
| 23:33 | Build | House |
| 23:54 | Build | Palisade Wall |
| 24:12 | Build | Lumber Camp |
| 24:14 | Create | Conquistador |
| 24:14 | Create | Conquistador |
| 24:15 | Create | Conquistador |
| 24:15 | Create | Conquistador |
| 24:16 | Create | Conquistador |
| 24:16 | Create | Conquistador |
| 24:16 | Create | Conquistador |
| 24:17 | Create | Conquistador |
| 24:17 | Create | Conquistador |
| 24:21 | Build | Farm |
| 25:37 | Create | Villager (Male) |
| 25:37 | Create | Villager (Male) |
| 25:44 | Research | Forging |
| 25:45 | Research | Fletching |
| 25:51 | Build | Farm |
| 26:03 | Create | Conquistador |
| 26:11 | Create | Conquistador |
| 26:21 | Build | Stable |
| 26:48 | Build | House |
| 26:49 | Build | House |
| 26:50 | Build | House |
| 26:51 | Build | House |
| 27:30 | Create | Villager (Male) |
| 27:30 | Create | Villager (Male) |
| 27:57 | Create | Villager (Male) |
| 28:02 | Build | House |
| 28:06 | Research | Iron Casting |
| 28:55 | Research | Bloodlines |
| 29:40 | Build | Farm |
| 29:41 | Build | Farm |
| 29:54 | Create | Conquistador |
| 30:06 | Build | Castle |
| 30:10 | Create | Villager (Male) |
| 30:16 | Build | Farm |
| 30:16 | Build | Farm |
| 31:11 | Build | Farm |
| 31:56 | Create | Conquistador |
| 32:06 | Research | Husbandry |
| 32:08 | Create | Conquistador |
| 32:14 | Create | Villager (Male) |
| 32:15 | Create | Villager (Male) |
| 33:32 | Create | Villager (Male) |
| 33:55 | Build | Mining Camp |
| 34:40 | Create | Conquistador |
Build order — Monsieur Garlíc
First 150 of 395 actions detected
| 0:04 | Build | House |
| 0:06 | Build | House |
| 0:07 | Create | Villager (Male) |
| 0:07 | Create | Villager (Male) |
| 0:08 | Create | Villager (Male) |
| 0:08 | Create | Villager (Male) |
| 0:08 | Create | Villager (Male) |
| 1:32 | Create | Villager (Male) |
| 1:32 | Create | Villager (Male) |
| 2:01 | Build | Lumber Camp |
| 2:06 | Create | Villager (Male) |
| 2:06 | Create | Villager (Male) |
| 2:33 | Create | Villager (Male) |
| 2:56 | Create | Villager (Male) |
| 3:14 | Build | House |
| 3:16 | Build | House |
| 3:19 | Build | House |
| 3:31 | Build | House |
| 3:33 | Create | Villager (Male) |
| 3:33 | Create | Villager (Male) |
| 3:55 | Create | Villager (Male) |
| 4:12 | Create | Villager (Male) |
| 4:51 | Create | Villager (Male) |
| 4:51 | Create | Villager (Male) |
| 4:51 | Create | Villager (Male) |
| 5:02 | Build | Mill |
| 5:17 | Create | Villager (Male) |
| 5:17 | Create | Villager (Male) |
| 5:17 | Create | Villager (Male) |
| 5:17 | Create | Villager (Male) |
| 5:53 | Build | House |
| 6:26 | Create | Villager (Male) |
| 6:27 | Create | Villager (Male) |
| 6:27 | Create | Villager (Male) |
| 6:27 | Create | Villager (Male) |
| 7:00 | Build | Lumber Camp |
| 7:51 | Build | Farm |
| 7:57 | Build | Farm |
| 8:00 | Build | Farm |
| 8:16 | Create | Villager (Male) |
| 8:16 | Create | Villager (Male) |
| 8:16 | Create | Villager (Male) |
| 8:17 | Create | Villager (Male) |
| 9:13 | Create | Villager (Male) |
| 9:16 | Research | Loom |
| 9:16 | Research | Feudal Age |
| 9:27 | Build | Barracks |
| 9:39 | Build | Mining Camp |
| 9:45 | Build | House |
| 9:52 | Build | House |
| 10:03 | Build | House |
| 10:38 | Build | Farm |
| 10:39 | Build | Farm |
| 10:39 | Build | Farm |
| 10:39 | Build | Farm |
| 10:40 | Build | Farm |
| 10:52 | Build | Farm |
| 11:02 | Build | Farm |
| 11:53 | Create | Villager (Male) |
| 11:54 | Create | Villager (Male) |
| 11:54 | Create | Villager (Male) |
| 12:56 | Age | Feudal Age |
| 13:00 | Build | Blacksmith |
| 13:16 | Build | Stable |
| 14:23 | Research | Castle Age |
| 14:24 | Create | Villager (Male) |
| 14:24 | Create | Villager (Male) |
| 14:38 | Build | House |
| 14:41 | Build | House |
| 14:43 | Build | House |
| 14:47 | Build | House |
| 15:10 | Research | Horse Collar |
| 15:14 | Research | Double-Bit Axe |
| 15:40 | Research | Gold Mining |
| 15:58 | Build | House |
| 15:59 | Build | House |
| 16:26 | Build | Farm |
| 16:26 | Build | Farm |
| 16:26 | Build | Farm |
| 16:28 | Build | Farm |
| 17:03 | Age | Castle Age |
| 17:05 | Create | Steppe Lancer |
| 17:05 | Create | Steppe Lancer |
| 17:08 | Create | Steppe Lancer |
| 17:13 | Create | Villager (Male) |
| 17:28 | Build | Town Center |
| 17:36 | Create | Villager (Male) |
| 17:45 | Research | Scale Barding Armor |
| 17:58 | Build | Farm |
| 17:58 | Build | Farm |
| 18:49 | Create | Steppe Lancer |
| 18:49 | Create | Steppe Lancer |
| 19:07 | Research | Bow Saw |
| 19:20 | Create | Villager (Male) |
| 19:20 | Create | Villager (Male) |
| 19:25 | Build | Farm |
| 19:25 | Build | Farm |
| 19:25 | Build | Farm |
| 19:32 | Build | Farm |
| 19:32 | Build | Farm |
| 19:39 | Create | Villager (Male) |
| 19:40 | Create | Villager (Male) |
| 19:53 | Create | Villager (Male) |
| 20:08 | Create | Villager (Male) |
| 20:45 | Research | Forging |
| 21:24 | Create | Steppe Lancer |
| 21:24 | Create | Steppe Lancer |
| 21:32 | Research | Heavy Plow |
| 21:37 | Create | Villager (Male) |
| 22:01 | Create | Villager (Male) |
| 22:01 | Create | Villager (Male) |
| 22:01 | Create | Villager (Male) |
| 22:02 | Create | Villager (Male) |
| 22:02 | Create | Villager (Male) |
| 22:22 | Create | Steppe Lancer |
| 22:32 | Create | Villager (Male) |
| 22:32 | Create | Villager (Male) |
| 22:32 | Create | Villager (Male) |
| 23:10 | Create | Villager (Male) |
| 23:10 | Create | Villager (Male) |
| 23:10 | Create | Villager (Male) |
| 23:10 | Create | Villager (Male) |
| 23:10 | Create | Villager (Male) |
| 23:30 | Build | Town Center |
| 23:31 | Build | Farm |
| 23:32 | Build | Farm |
| 23:32 | Build | Farm |
| 23:33 | Build | Farm |
| 24:15 | Create | Villager (Male) |
| 24:15 | Create | Villager (Male) |
| 24:15 | Create | Villager (Male) |
| 24:16 | Create | Villager (Male) |
| 24:48 | Research | Bloodlines |
| 24:49 | Research | Husbandry |
| 25:24 | Create | Steppe Lancer |
| 25:24 | Create | Steppe Lancer |
| 25:39 | Create | Villager (Male) |
| 25:40 | Create | Villager (Male) |
| 25:40 | Create | Villager (Male) |
| 25:40 | Create | Villager (Male) |
| 25:40 | Create | Villager (Male) |
| 27:23 | Create | Villager (Male) |
| 27:24 | Create | Villager (Male) |
| 27:24 | Create | Villager (Male) |
| 27:24 | Create | Villager (Male) |
| 27:24 | Create | Villager (Male) |
| 27:24 | Create | Villager (Male) |
| 27:35 | Build | Farm |
| 27:35 | Build | Farm |
| 27:42 | Research | Wheelbarrow |
Match timeline
| 6:20 | Lt_Reingebuttert · first_building Barracks |
| 6:56 | necesito subir mi conducta · first_building Barracks |
| 9:27 | Monsieur Garlíc · first_building Barracks |
| 9:34 | avilareall · first_building Barracks |
| 10:10 | avilareall · wall_segment Palisade Wall x1 |
| 10:17 | necesito subir mi conducta · age_up feudal |
| 10:55 | Lt_Reingebuttert · age_up feudal |
| 11:27 | Lt_Reingebuttert · first_building Archery Range |
| 11:33 | avilareall · wall_segment Palisade Wall x4 |
| 11:37 | avilareall · wall_segment Palisade Wall x6 |
| 12:17 | avilareall · wall_segment Palisade Wall x6 |
| 12:56 | Monsieur Garlíc · age_up feudal |
| 13:08 | avilareall · age_up feudal |
| 13:16 | Monsieur Garlíc · first_building Stable |
| 13:18 | avilareall · first_building Archery Range |
| 15:02 | avilareall · wall_segment Palisade Wall x16 |
| 16:36 | Lt_Reingebuttert · wall_segment Stone Wall x14 |
| 17:03 | Monsieur Garlíc · age_up castle |
| 17:47 | Lt_Reingebuttert · wall_segment Stone Wall x16 |
| 17:55 | avilareall · wall_segment Stone Wall x8 |
| 18:01 | necesito subir mi conducta · wall_segment Palisade Wall x13 |
| 18:14 | avilareall · wall_segment Stone Wall x6 |
| 19:03 | avilareall · wall_segment Stone Wall x9 |
| 19:07 | avilareall · wall_segment Stone Wall x6 |
| 19:12 | avilareall · wall_segment Stone Wall x6 |
| 19:48 | avilareall · wall_segment Stone Wall x5 |
| 20:51 | necesito subir mi conducta · wall_segment Palisade Wall x7 |
| 21:17 | necesito subir mi conducta · wall_segment Palisade Wall x10 |
| 22:03 | necesito subir mi conducta · wall_segment Palisade Wall x7 |
| 22:12 | necesito subir mi conducta · age_up castle |
| 23:12 | necesito subir mi conducta · first_building Castle |
| 23:54 | necesito subir mi conducta · wall_segment Palisade Wall x5 |
| 24:46 | avilareall · age_up castle |
| 25:23 | avilareall · first_building Castle |
| 25:35 | avilareall · wall_segment Stone Wall x4 |
| 25:42 | Lt_Reingebuttert · wall_segment Stone Wall x17 |
| 26:21 | necesito subir mi conducta · first_building Stable |
| 28:32 | avilareall · wall_segment Stone Wall x2 |
| 30:15 | avilareall · wall_segment Stone Wall x12 |
| 30:51 | Monsieur Garlíc · first_building Castle |
| 31:29 | Monsieur Garlíc · wall_segment Stone Wall x17 |
| 32:25 | Lt_Reingebuttert · wall_segment Stone Wall x17 |
| 35:27 | Monsieur Garlíc · age_up imperial |
| 35:34 | avilareall · first_building Siege Workshop |
| 37:15 | Monsieur Garlíc · first_building Archery Range |
| 37:18 | avilareall · wall_segment Stone Wall x21 |
| 37:25 | avilareall · wall_segment Stone Wall x18 |
| 38:59 | Monsieur Garlíc · wall_segment Stone Wall x6 |
| 39:35 | avilareall · wall_segment Stone Wall x15 |
| 41:55 | necesito subir mi conducta · first_building Monastery |
| 42:00 | avilareall · wall_segment Stone Wall x12 |
| 42:05 | avilareall · wall_segment Stone Wall x12 |
| 42:10 | avilareall · wall_segment Stone Wall x3 |
| 42:20 | avilareall · wall_segment Stone Wall x4 |
| 42:24 | avilareall · wall_segment Stone Wall x10 |
| 42:31 | Lt_Reingebuttert · wall_segment Stone Wall x12 |
| 42:46 | Lt_Reingebuttert · wall_segment Stone Wall x10 |
| 43:12 | Lt_Reingebuttert · wall_segment Stone Wall x5 |
| 45:20 | necesito subir mi conducta · first_building Archery Range |
| 45:21 | necesito subir mi conducta · first_building Siege Workshop |
| 46:00 | Lt_Reingebuttert · wall_segment Stone Wall x11 |
| 46:06 | Lt_Reingebuttert · wall_segment Stone Wall x5 |
| 48:20 | avilareall · age_up imperial |
| 49:53 | Lt_Reingebuttert · wall_segment Stone Wall x14 |
| 51:02 | Monsieur Garlíc · wall_segment Stone Wall x49 |
| 51:28 | Lt_Reingebuttert · wall_segment Stone Wall x8 |
| 51:49 | Lt_Reingebuttert · first_building Stable |
| 53:17 | Monsieur Garlíc · first_building Siege Workshop |
| 53:45 | necesito subir mi conducta · age_up imperial |
| 54:56 | avilareall · first_building Stable |
| 55:53 | Lt_Reingebuttert · age_up castle |
| 58:25 | Lt_Reingebuttert · first_market_buy 100 stone |
| 58:39 | Lt_Reingebuttert · first_building Castle |
| 60:04 | Monsieur Garlíc · resign |
[ AI ANALYSIS · 1 CREDIT ]
What really happened in this match?
Wolo.gg analyzes every decision: build order, eco, micro, common mistakes by bracket. Personalized analysis on WhatsApp or Discord in 30 seconds.
Civ guide
Koreans
Perfil
Jugador #25106955